[Event "*** Titled Tuesday Blitz"]
[Site "Chess.com"]
[Date "2021.04.06"]
[Round "2"]
[White "anpospan"]
[Black "suneebaker"]
[Result "1-0"]
[WhiteElo "2405"]
[BlackElo "2114"]
[TimeControl "180+1"]
[EndTime "10:19:34 PDT"]
[Termination "anpospan won by checkmate"]

1. d4 e6 2. c4 Nf6 3. Nc3 Bb4 4. a3 Bxc3+ 5. bxc3 c5 6. f3 d6 7. e4 e5 8. d5 O-O 9. Bd3 Nh5 10. Ne2 Qf6 11.
O-O Nd7 12. g3 Re8 13. Be3 Nf8 14. Qd2 Bh3 15. Rf2 h6 16. g4 Nf4 17. Bxf4 exf4 18.
Qxf4 Qh4 19. Qxd6 h5 20. Qg3 Qxg3+ 21. hxg3 hxg4 22. f4 f6 23. Rb1 b6 24. Kh2 Ng6 25.
e5 Ne7 26. d6 Nc6 27. Be4 Na5 28. Bxa8 Rxa8 29. e6 Nxc4 30. Rd1 Ne3 31. d7 Nxd1 32. e7 Nxf2 33. e8=Q+ Rxe8 34. dxe8=Q+ Kh7 35. f5 Nd3 36. Nf4 Ne5 37. Qh5+ Kg8 38. Qe8+ Kh7 39. Ng6 Nxg6 40.
fxg6+ Kh6 41. Kg1 a6 42. Kf2 b5 43. Qe3+ Kxg6 44. Qxc5 f5 45. Qd6+ Kg5 46. Qf4+ Kf6 47. Qd6+ Kg5 48. Qxa6 g6 49. Qxb5 Kh5 50. Qe5 Kg5 51.
Qf4+ Kf6 52. c4 Ke6 53. Qd4 g5 54. Qd5+ Kf6 55. Qd6+ Kf7 56. c5 f4 57. gxf4 gxf4 58. Qxf4+ Ke6 59. Kg3 Kd5 60. c6 Kxc6 61. a4 Kb6 62. Qb4+ Ka6 63. Qb5+ Ka7 64. a5 Ka8 65. Qb6 Bg2 66. Kxg4 Bf3+ 67. Kg5 Bb7 68. Kf6 Bd5 69. Ke7 Bc6 70. Kd8 Bb7 71. Kc7 Bd5 72. Qb8# 1-0

[Event "*** Titled Tuesday Blitz"]
[Site "Chess.com"]
[Date "2021.04.06"]
[Round "2"]
[White "AlexTriapishko"]
[Black "Malev212"]
[Result "0-1"]
[WhiteElo "2815"]
[BlackElo "2560"]
[TimeControl "180+1"]
[EndTime "10:19:35 PDT"]
[Termination "Malev212 won by checkmate"]

1. e4 e6 2. d4 d5 3. Nc3 Bb4 4. e5 b6 5. a3 Bxc3+ 6. bxc3 Ne7 7. Qg4 Kf8 8. h4 Ba6 9. Bd3 c5 10. h5 h6 11. a4 Bxd3 12. cxd3 Nd7 13. Ne2 Rc8 14. O-O Nf5 15. a5 b5 16. Ba3 Kg8 17. Bxc5 Nxc5 18. dxc5 Rxc5 19. Qb4 Rc7 20. Qxb5 Kh7 21.
d4 Qh4 22. Rfb1 Qxh5 23. Qd3 Qg6 24. a6 Rhc8 25. Rb7 h5 26. Rab1 Qg5 27. Rxc7 Rxc7 28.
Rb7 Qe7 29. Qb5 h4 30. Rxc7 Qxc7 31. Qb7 Qc4 32. Qb2 Qxa6 33. Nf4 g6 34. Nh3 Kg7 35.
Ng5 Qb6 36. Qc2 Qd8 37. Nf3 a5 38. Qa4 Qc7 39. Qe8 Qxc3 40. Kh2 Nxd4 41. Ng5 Qc7 42. f4 Nf5 43. Qb5 Qa7 44. Qe8 a4 45. Nxe6+ fxe6 46. Qxe6 a3 47. Qf6+ Kh7 48. e6 a2 49. e7 Qxe7 50.
Qb2 Qa7 51. Qa1 d4 52. Kh3 d3 53. Kg4 d2 54. Kg5 d1=Q 55. Qxd1 a1=Q 56. Qd7+ Qxd7 57. g4 Qe7# 0-1

[Event "*** Titled Tuesday Blitz"]
[Site "Chess.com"]
[Date "2021.04.06"]
[Round "2"]
[White "northridgehawk"]
[Black "Kretov_Evgenij"]
[Result "0-1"]
[WhiteElo "2317"]
[BlackElo "2618"]
[TimeControl "180+1"]
[EndTime "10:19:36 PDT"]
[Termination "Kretov_Evgenij won by resignation"]

1. e4 c5 2. Nf3 Nc6 3. d4 cxd4 4.
Nxd4 g6 5. Be3 Nf6 6. Nc3 Bg7 7. Bc4 O-O 8. Bb3 d6 9. f3 Bd7 10. Qd2 Nxd4 11. Bxd4 b5 12. O-O-O a5 13. Bd5 Rc8 14. a3 b4 15. axb4 axb4 16. Nb1 Ba4 17. b3 Nxd5 18.
Bxg7 Bxb3 19. Bxf8 Rxc2+ 20. Qxc2 Bxc2 21. Rxd5 Qc7 22.
Rd2 Bxe4+ 23. Kb2 Bxb1 24. Rc1 Qb7 25. Bh6 Bf5 26. Rd4 Be6 27. Bd2 b3 28. Ra4 Qd5 29. Bc3 f6 30. Rd4 Qa8 31. Ra1 Qb7 32. Re1 Qa6 33.
Ra1 Qe2+ 34. Rd2 Qc4 35. Re1 Kf7 36. Rde2 Qa4 37. Ra1 Qb5 38. Rae1 Qd3 39. Rd2 Qf5 40. Rde2 g5 41. Re4 Kg6 42. g4 Qxf3 43. Rxe6 Qxg4 44. R1e2 Qc4 45. Rxe7 Qa4 46. Kb1 Qc4 47. Kb2 Qa4 48.
Kb1 Qc4 49. Bb2 Qd3+ 50. Kc1 Qc4+ 51. Kd1 Qd3+ 52. Ke1 Qb1+ 53. Kf2 Qf5+ 54. Ke1 Qb1+ 55. Kf2 Qf5+ 56. Kg1 Qg4+ 57. Kf1 Qf3+ 58. Ke1 Qh1+ 59. Kd2 Qc6 60. R7e6 Qc2+ 61. Ke3 Qc5+ 62. Kf3 Qf5+ 63. Kg2 Qg4+ 64. Kf2 Qf4+ 65. Ke1 Qb4+ 66. Kd1 Kh5 67. Rxf6 d5 68. Rf3 Qc4 69. Rd3 Qxd3+ 70. Ke1 Qb1+ 71.
Kf2 Qd3 72. Rc2 0-1

[Event "*** Titled Tuesday Blitz"]
[Site "Chess.com"]
[Date "2021.04.06"]
[Round "2"]
[White "TosicSrecko"]
[Black "MoonlighT89"]
[Result "1/2-1/2"]
[WhiteElo "2322"]
[BlackElo "2601"]
[TimeControl "180+1"]
[EndTime "10:19:36 PDT"]
[Termination "Game drawn by repetition"]

1. e4 c5 2. Nf3 e6 3. d4 cxd4 4. Nxd4 Nc6 5. Nc3 Qc7 6. g3 a6 7.
Bg2 Nf6 8. O-O Nxd4 9. Qxd4 Bc5 10. Qd3 h6 11. Bf4 e5 12. Be3 O-O 13. Bxc5 Qxc5 14. a4 d6 15. h3 Be6 16. Rfd1 Rfd8 17. a5 Rac8 18. Qd2 Qb4 19. Na4 Qxd2 20. Rxd2 Rc4 21.
Nb6 Rc5 22. b3 Rc3 23. Na4 Rc6 24. c4 Kf8 25. Kf1 Ke7 26. Ke2 Nd7 27. Ke3 Nc5 28.
Nxc5 dxc5 29. Rxd8 Kxd8 30. f4 f6 31. fxe5 fxe5 32.
Kd3 Rd6+ 33. Kc3 Rd4 34. Rf1 Ke7 35. Rf2 Bd7 36. Rf1 Bc6 37. Rf5 Ke6 38. Rf8 Bxe4 39. Re8+ Kf6 40. Bxe4 Rxe4 41. Rb8 Re3+ 42. Kb2 Rxg3 43.
Rxb7 e4 44. Rb6+ Ke5 45. Rxa6 Kd4 46. Rd6+ Ke3 47. a6 Rg2+ 48. Ka3 Rg1 49. Kb2 Rf1 50. a7 Rf8 51. b4 cxb4 52. c5 Ra8 53. Rd7 Kf2 54.
c6 e3 55. c7 e2 56. Rf7+ Kg2 57. Re7 Kf1 58. Rf7+ Kg1 59. Rxg7+ Kf2 60. Rf7+ Kg2 61. Rg7+ Kf3 62. Rf7+ Kg3 63. Re7 Kf2 64. Rf7+ Kg2 65.
Re7 Kf2 66. Rf7+ 1/2-1/2

[Event "*** Titled Tuesday Blitz"]
[Site "Chess.com"]
[Date "2021.04.06"]
[Round "2"]
[White "Schack-Hugo"]
[Black "freshfoodcompany"]
[Result "0-1"]
[WhiteElo "2200"]
[BlackElo "2435"]
[TimeControl "180+1"]
[EndTime "10:19:36 PDT"]
[Termination "freshfoodcompany won by resignation"]

1. e4 c6 2. d4 d5 3. Nc3 dxe4 4.
Nxe4 Nf6 5. Nxf6+ exf6 6. c3 Bd6 7. Bd3 O-O 8. Ne2 Re8 9. O-O Nd7 10. Bf4 Nf8 11.
Bxd6 Qxd6 12. Ng3 Ng6 13. Qc2 Be6 14. Ne4 Qc7 15. Nc5 Bd5 16. c4 Be6 17. Rfe1 Rad8 18. Nxe6 fxe6 19. Bxg6 hxg6 20. Qxg6 Qf7 21. Qxf7+ Kxf7 22.
Rad1 Rd6 23. Rd2 Red8 24. Red1 e5 25. d5 b5 26. b3 a5 27. Kf1 a4 28. Ke2 axb3 29.
axb3 bxc4 30. bxc4 cxd5 31. Rxd5 Rxd5 32. cxd5 Ke7 33. Ke3 f5 34. g4 fxg4 35. Ke4 Rh8 36. Kxe5 Rh5+ 37. Kf4 Rxh2 38. Kg3 Rh6 39. Kxg4 Rf6 40.
f4 Rg6+ 41. Kf5 Rf6+ 42. Ke5 Kd7 43. Ra1 Ke8 44. Ra7 Rg6 45. Ra8+ Ke7 46. Ra7+ Ke8 47. f5 Rg1 48. Kd6 Rf1 49. Ra8+ Kf7 50. Kd7 Rxf5 51. d6 g5 52. Ra1 Kf6 53. Kd8 Rd5 54. d7 g4 55. Kc7 g3 56. Ra6+ Ke7 57. Rg6 Rxd7+ 58. Kc6 Rd3 59. Kc5 Kf7 60. Rg4 Kf6 61. Kc4 Ra3 62.
Kd4 Ra4+ 63. Ke3 Rxg4 0-1

[Event "*** Titled Tuesday Blitz"]
[Site "Chess.com"]
[Date "2021.04.06"]
[Round "2"]
[White "goodwilll"]
[Black "WisdomGame"]
[Result "1/2-1/2"]
[WhiteElo "2370"]
[BlackElo "2087"]
[TimeControl "180+1"]
[EndTime "10:19:38 PDT"]
[Termination "Game drawn - insufficient material"]

1. e4 c5 2. Nf3 Nc6 3. Bb5 g6 4. Bxc6 bxc6 5. O-O Bg7 6. c3 d5 7.
e5 Bg4 8. Re1 Qc7 9. d4 e6 10.
Nbd2 Ne7 11. h3 Bxf3 12. Nxf3 O-O 13. dxc5 a5 14. Bg5 Rfb8 15. Qd2 Bf8 16. Bf6 Nf5 17.
g4 Ng7 18. b3 Qa7 19. b4 axb4 20. cxb4 Qa3 21. Re3 Qxb4 22. Qc1 Qxc5 23. Rc3 Qb4 24.
Rxc6 Ra3 25. Kg2 Qe4 26. Qxa3 Bxa3 27. Re1 Qa4 28. Rc7 Bf8 29. Re2 Rb1 30. Rec2 Rb8 31. Ng5 Ne8 32. Rxf7 Nxf6 33. exf6 Qxc2 34. Rxh7 Qe4+ 35.
Nxe4 Kxh7 36. Ng5+ Kg8 37. Nxe6 Ra8 38. g5 Rxa2 39.
Nf4 d4 40. Nxg6 d3 41. Kf3 Bc5 42. f7+ Kxf7 43. Ne5+ Ke6 44. Nxd3 Ba7 45. Kg4 Bxf2 46. Nf4+ Kf7 47. h4 Ra4 48. Kf5 Bxh4 49. g6+ Kg8 50. Ne6 Ra5+ 51. Ke4 Be7 52. Nf4 Rg5 53. Nd5 Bd8 54.
Nf4 Kg7 55. Ne6+ Kxg6 56. Nxg5 1/2-1/2

[Event "*** Titled Tuesday Blitz"]
[Site "Chess.com"]
[Date "2021.04.06"]
[Round "2"]
[White "anon6121824"]
[Black "mac0504"]
[Result "1-0"]
[WhiteElo "2789"]
[BlackElo "2523"]
[TimeControl "180+1"]
[EndTime "10:19:39 PDT"]
[Termination "anon6121824 won by resignation"]

1. e4 c6 2. d4 d5 3. Nc3 dxe4 4.
Nxe4 Nf6 5. Nxf6+ exf6 6. c3 Bd6 7. Bd3 O-O 8. Qc2 Re8+ 9. Ne2 h5 10. O-O h4 11. Bd2 Nd7 12. Rfe1 Nf8 13. h3 Qc7 14. c4 Be6 15. Nc3 Rad8 16. Be3 Qc8 17. Bf1 Bf5 18. Qd2 Ng6 19. Rad1 Bb8 20. Ne2 Qc7 21. f4 Re7 22. Rc1 Rde8 23. Rc3 Re4 24. d5 Qe7 25. Nd4 Bd7 26. f5 Nf4 27.
dxc6 bxc6 28. Nf3 Bxf5 29. Rb3 Bc7 30. Rb7 Ng6 31. Bd3 Rxe3 32. Rxe3 Qxe3+ 33. Qxe3 Rxe3 34. Bxf5 Re7 35. Kf1 Bb6 36. Rb8+ Nf8 37. b4 g6 38.
Bd3 f5 39. c5 Bc7 40. Rb7 Bd8 41. Rxe7 Bxe7 42. Nd4 a5 43. Nxc6 Bd8 44. Nxd8 axb4 45. Nc6 Ne6 46. Nxb4 Nxc5 47. Bc4 Kg7 48. Nd3 Ne4 49.
Ke1 Kf6 50. a4 g5 51. a5 Nd6 52. Bd5 g4 53. a6 Nb5 54. Bc4 Na7 55. Nb4 Ke5 56.
Bxf7 Kd4 57. Be6 gxh3 58. gxh3 Kc5 59. Nc2 Kb6 60. Bc4 Kc5 61. Bd3 f4 62. Kf2 Kd6 63. Kf3 Ke5 64. Kg4 Nc6 65. Kxh4 f3 66. Kg3 1-0

[Event "*** Titled Tuesday Blitz"]
[Site "Chess.com"]
[Date "2021.04.06"]
[Round "2"]
[White "Aygehovit1992"]
[Black "onnoelgersma"]
[Result "1-0"]
[WhiteElo "2652"]
[BlackElo "2420"]
[TimeControl "180+1"]
[EndTime "10:19:39 PDT"]
[Termination "Aygehovit1992 won by resignation"]

1. Nf3 d5 2. c4 e6 3. g3 Nf6 4. Bg2 Be7 5. O-O O-O 6. Qc2 c5 7. d4 cxd4 8. Nxd4 Nc6 9. Nxc6 bxc6 10. Nc3 Ba6 11. b3 Rc8 12. Rd1 Qa5 13. Bd2 Qb6 14. Na4 Qb7 15. Be3 Rfd8 16. Nc5 Bxc5 17. Bxc5 Nd7 18. Be7 Re8 19. Ba3 Ne5 20. Bb2 f6 21. cxd5 cxd5 22. Qd2 Nd7 23. e4 Nb6 24. e5 f5 25. h4 Nd7 26. Bd4 Nc5 27. f3 Nd7 28. h5 h6 29. Kh2 Rc7 30. Rac1 Rec8 31. Rxc7 Qxc7 32. Qf4 Qb7 33. Rd2 Nb8 34. g4 fxg4 35.
fxg4 Nc6 36. Bc5 Qf7 37. Qxf7+ Kxf7 38. Bd6 Kg8 39. Bh3 Nd8 40. Rf2 Nf7 41. g5 Nxg5 42.
Bg2 Re8 43. Rc2 Rc8 44. Rc5 Rxc5 45. Bxc5 Ne4 46. Bxa7 Nc3 47. a4 Bd3 48. a5 Bc2 49. b4 Nb5 50. Bc5 d4 51. Bc6 d3 52. Bxb5 d2 53. Be2 d1=Q 54. Bxd1 Bxd1 55. b5 Bf3 56.
Kg3 Bd5 57. Kf4 Kf7 58. Ke3 Ke8 59. Kd4 Kd7 60. Bf8 Bf3 61. Kc5 Bxh5 62. a6 Bf3 63.
b6 h5 64. b7 Bxb7 65. axb7 Kc7 66. Bxg7 h4 67. Bh6 h3 68. Bf4 1-0

[Event "*** Titled Tuesday Blitz"]
[Site "Chess.com"]
[Date "2021.04.06"]
[Round "2"]
[White "monikarozman"]
[Black "Tactictic"]
[Result "0-1"]
[WhiteElo "2201"]
[BlackElo "2437"]
[TimeControl "180+1"]
[EndTime "10:19:39 PDT"]
[Termination "Tactictic won on time"]

1. d4 Nf6 2. c4 e6 3. Nf3 d5 4. Nc3 Be7 5. Bg5 O-O 6. e3 b6 7. cxd5 Nxd5 8. Bxe7 Qxe7 9. Bd3 Nxc3 10. bxc3 Bb7 11. O-O Nd7 12. Rc1 Nf6 13. Ne5 c5 14.
Qe2 Rac8 15. Rfd1 Rfd8 16. h3 cxd4 17. cxd4 Nd5 18. Bb1 Nc3 19. Qd3 Be4 20. Qa6 Nxb1 21. Rxc8 f6 22. Rxd8+ Qxd8 23. Nd3 Nc3 24. Rd2 Qc7 25.
f3 Bb7 26. Qxa7 Nb5 27. Qa4 Qc3 28. Qc2 Qa3 29. Kh2 Qd6+ 30. Kg1 Kf7 31. Nf2 h5 32.
Ne4 Bxe4 33. fxe4 Qb4 34. e5 f5 35. Rf2 Na3 36. Qc7+ Kg6 37. Rf1 h4 38. Qc1 Nc4 39. Qe1 Qa3 40. Qxh4 Qxe3+ 41. Kh1 Nd2 42. Re1 Qd3 43.
Qf2 Ne4 44. Qe3 Qc2 45. g4 Nf2+ 46. Kg2 Nxg4+ 47. Qe2 Ne3+ 48. Kf2 Qxe2+ 49. Rxe2 Nd5 50. Kf3 Kf7 51. Rg2 g5 52. h4 g4+ 53. Ke2 Kg6 54.
Rh2 Kh5 55. Kd3 f4 56. Ke4 f3 57. a4 g3 58. Ra2 f2 59. Ra1 g2 0-1

[Event "*** Titled Tuesday Blitz"]
[Site "Chess.com"]
[Date "2021.04.06"]
[Round "2"]
[White "TC2304"]
[Black "DraG0s3L"]
[Result "1-0"]
[WhiteElo "2301"]
[BlackElo "2499"]
[TimeControl "180+1"]
[EndTime "10:19:40 PDT"]
[Termination "TC2304 won by checkmate"]

1. d4 Nf6 2. Bg5 Ne4 3. Bf4 c5 4. f3 Nf6 5. dxc5 Qa5+ 6. Qd2 Qxc5 7. Nc3 d6 8. e4 e5 9. Be3 Qa5 10. O-O-O a6 11. Bc4 Be6 12. Nd5 Qxd2+ 13. Rxd2 Nxd5 14. Bxd5 Bxd5 15. Rxd5 Be7 16. Ne2 Nd7 17. Rhd1 O-O-O 18. Nc3 g6 19. R5d3 f5 20. Nd5 Bf8 21. Ba7 Nb8 22.
Rc3+ Nc6 23. Bb6 Re8 24. Nb4 Kd7 25. Nd5 Bg7 26. Nc7 Rc8 27. Rcd3 Bf8 28. Nd5 Ke6 29.
Be3 Rg8 30. Kb1 f4 31. Bf2 g5 32. g3 Ne7 33. b3 Nxd5 34. Rxd5 Be7 35. c4 Rgf8 36. g4 h5 37. h3 hxg4 38. hxg4 Rh8 39.
Be1 Rh3 40. R5d3 b5 41. cxb5 axb5 42. Bb4 Rc6 43. R1d2 Rh1+ 44. Kb2 Rf1 45. Rd1 Rf2+ 46. R1d2 Rf1 47. Rd1 Rxd1 48. Rxd1 Rc8 49. a4 bxa4 50. bxa4 Rh8 51. a5 Kd7 52. Rc1 Rh3 53. Rc3 Rh8 54.
Kb3 d5 55. Bxe7 Kxe7 56. exd5 Kd6 57. Rd3 Rb8+ 58. Ka4 Rb1 59. a6 Ra1+ 60. Ra3 Rb1 61. a7 Kxd5 62. a8=Q+ Kd4 63. Qe4+ Kc5 64. Qxb1 Kc6 65.
Rc3+ Kd5 66. Qb5+ Ke6 67. Rc6+ Kf7 68. Qb7+ Kf8 69. Rc8# 1-0

[Event "*** Titled Tuesday Blitz"]
[Site "Chess.com"]
[Date "2021.04.06"]
[Round "2"]
[White "CSB7"]
[Black "SHIVACalypso"]
[Result "0-1"]
[WhiteElo "2677"]
[BlackElo "2408"]
[TimeControl "180+1"]
[EndTime "10:19:43 PDT"]
[Termination "SHIVACalypso won on time"]

1. Nf3 Nf6 2. g3 e6 3. Bg2 d5 4. O-O Be7 5. c4 O-O 6. d4 dxc4 7. Qc2 a6 8. a4 Bd7 9. Rd1 Bc6 10. Nc3 Bxf3 11. Bxf3 Nc6 12. Bxc6 bxc6 13. a5 Rb8 14. Ra4 Rb4 15. Na2 Rxa4 16. Qxa4 Qd5 17. Nc3 Qf5 18.
Qxc6 Qc2 19. Qxc4 Nd5 20. Rf1 Bb4 21. Qxa6 Bxc3 22. bxc3 Nxc3 23. Re1 h6 24. Ba3 Rb8 25. Kf1 Rb1 26. Rxb1 Nxb1 27. Kg2 Nxa3 28. Qa8+ Kh7 29. a6 Nc4 30. a7 Nb6 31. Qb7 Qa4 32. Qxc7 Qa6 33.
e3 Na8 34. Qxf7 Qc6+ 35. Kg1 Nb6 36. Qf4 Qd5 37. Qb8 Qc6 38. h4 Na8 39. Qb1+ Kh8 40. Qb8+ Kh7 41. Qb1+ Kg8 42. h5 Kh8 43. Qb8+ Kh7 44.
Qb1+ Kg8 45. Qg6 Kf8 46. Qh7 Kf7 47. Qg6+ Kf8 48. Qb1 Kf7 49. Qb8 Kf6 50. Qd8+ Kf7 51. g4 Qc1+ 52. Kg2 Qc6+ 53. Kg1 Qd5 54. Qb8 Qc6 55.
Kh2 Qd5 56. Kg3 Qc6 57. f4 Qd5 58. Kf2 Qh1 59. Qb5 Qd5 0-1

[Event "*** Titled Tuesday Blitz"]
[Site "Chess.com"]
[Date "2021.04.06"]
[Round "2"]
[White "Sam_ChessMood"]
[Black "maximnovik"]
[Result "1/2-1/2"]
[WhiteElo "2873"]
[BlackElo "2565"]
[TimeControl "180+1"]
[EndTime "10:19:45 PDT"]
[Termination "Game drawn - insufficient material"]

1. d4 Nf6 2. c4 g6 3. Nc3 d5 4. Nf3 Bg7 5. Qb3 dxc4 6. Qxc4 O-O 7. e4 Na6 8. Be2 c5 9. d5 e6 10. O-O exd5 11. exd5 Bf5 12. Bg5 h6 13. Be3 Re8 14. h3 Qb6 15. Na4 Qa5 16. Nxc5 Nxc5 17. b4 Qa3 18. bxc5 Rxe3 19. fxe3 Qxe3+ 20. Kh2 Ne4 21. Rae1 Qf4+ 22. Kg1 Rc8 23. c6 bxc6 24. dxc6 Qg3 25. Bd3 Bxh3 26. Re2 Nd6 27. Qd5 Be6 28. Rxe6 fxe6 29.
Qxe6+ Kh7 30. Qd5 Rc7 31. Bb1 Nf7 32. a4 Qd6 33. Ba2 Qxd5 34. Bxd5 Ne5 35. Nxe5 Bxe5 36. Rb1 Kg7 37. Kf2 Kf6 38. Kf3 Bd4 39. Ke4 Bb6 40. Rf1+ Kg5 41. Ke5 Bc5 42. a5 Bb4 43. a6 Bc5 44. Rc1 Re7+ 45. Be6 Be3 46. Rc3 Bf4+ 47. Kd5 Kf6 48. Rf3 g5 49. g3 Rxe6 50. gxf4 g4 51.
Rc3 Re8 52. Kd6 Kf5 53. Kd7 Rg8 54. c7 Kxf4 55. c8=Q Rxc8 56. Kxc8 g3 57. Kb7 g2 58. Rc1 h5 59. Kxa7 h4 60. Kb6 h3 61. a7 h2 62.
a8=Q g1=Q+ 63. Rxg1 hxg1=Q+ 64. Kc7 Qc5+ 65. Qc6 Qxc6+ 66. Kxc6 1/2-1/2

[Event "*** Titled Tuesday Blitz"]
[Site "Chess.com"]
[Date "2021.04.06"]
[Round "2"]
[White "KacperPolOK"]
[Black "prachiti01"]
[Result "1-0"]
[WhiteElo "2406"]
[BlackElo "2114"]
[TimeControl "180+1"]
[EndTime "10:19:45 PDT"]
[Termination "KacperPolOK won by checkmate"]

1. e4 e6 2. d4 d5 3. Nc3 Bb4 4. e5 c5 5. a3 Bxc3+ 6. bxc3 Ne7 7. Qg4 Qc7 8. Qxg7 Rg8 9. Qxh7 cxd4 10. Ne2 Nbc6 11.
f4 dxc3 12. h4 d4 13. h5 Bd7 14. h6 O-O-O 15. Qd3 Rg6 16. h7 Rh8 17. Nxd4 Nxd4 18.
Qxd4 a6 19. Rh3 Rg7 20. Bd3 Nf5 21. Bxf5 exf5 22. Rxc3 Bc6 23. Be3 Rhxh7 24. O-O-O Rxg2 25. Qa7 Rh8 26. Rcd3 b5 27. Qc5 Rhh2 28. R1d2 Rxd2 29. Bxd2 Be4 30. Qf8+ Kb7 31. Rc3 Qd7 32. Be3 Re2 33.
Qc5 Re1+ 34. Kb2 Rxe3 35. Qxe3 a5 36. Qc5 Bc6 37. Rd3 Qc7 38. Rd6 a4 39. Kc3 Qa5+ 40. Kb2 Qc7 41. e6 fxe6 42. Rxe6 Qg7+ 43. Qe5 Qxe5+ 44.
Rxe5 Be4 45. Rxb5+ Ka6 46. Re5 Kb6 47. c4 Kc6 48.
Kc3 Kb6 49. Kd4 Kc6 50. Rxe4 fxe4 51. Kxe4 Kc5 52. Kd3 Kd6 53. Kd4 Kc6 54. c5 Kc7 55. Kd5 Kd7 56. c6+ Kc7 57. Kc5 Kc8 58. Kd6 Kd8 59. c7+ Kc8 60. f5 Kb7 61. Kd7 Kb6 62.
c8=Q Ka5 63. Qb8 Ka6 64. f6 Ka5 65. f7 Ka6 66. f8=Q Ka5 67. Qfb4+ Ka6 68. Qxa4# 1-0

[Event "*** Titled Tuesday Blitz"]
[Site "Chess.com"]
[Date "2021.04.06"]
[Round "2"]
[White "MarcoCorvi"]
[Black "VinzentSpitzl"]
[Result "0-1"]
[WhiteElo "2107"]
[BlackElo "2401"]
[TimeControl "180+1"]
[EndTime "10:19:46 PDT"]
[Termination "VinzentSpitzl won on time"]

1. c4 e6 2. Nc3 d5 3. cxd5 exd5 4. d4 Nf6 5. Nf3 Bb4 6. e3 O-O 7. Bd2 Bf5 8. Be2 c5 9. O-O Nc6 10. a3 Bxc3 11. Bxc3 c4 12. Ne5 Ne4 13. Nxc6 bxc6 14. Bf3 Nxc3 15. bxc3 Rb8 16. Qd2 Qb6 17. h3 Qb2 18.
Rfd1 Qxd2 19. Rxd2 Rb3 20. Rc1 Rxa3 21. e4 Bxe4 22.
Bxe4 dxe4 23. g4 h5 24. Kg2 hxg4 25. hxg4 Re8 26. Re2 a5 27. Kg3 g5 28. f4 f6 29.
fxg5 fxg5 30. Kf2 a4 31. Ke3 Kg7 32. Rf2 Rb3 33. Rf5 Kg6 34. Rc5 Re6 35. Rxc4 a3 36. Ra4 Kf6 37. Ra5 Ke7 38. Rxg5 a2 39. Ra1 Rxc3+ 40.
Ke2 Rc2+ 41. Ke3 Rc3+ 42. Ke2 Ra3 43. Rh5 Kd6 44. Rf5 Rh6 45. g5 Rh2+ 46. Rf2 Rxf2+ 47.
Kxf2 Ke6 48. Ke2 Kf5 49. Kd2 Kxg5 50. Kc2 Kf4 51. Kb2 Ra5 52. Rf1+ Ke3 53. Ka1 Kxd4 54.
Rd1+ Ke3 55. Re1+ Kf3 56. Rf1+ Ke2 57. Rc1 e3 58. Rxc6 Ke1 59. Rc1+ Kd2 60. Rc2+ Kd3 61. Rc3+ Kd4 62. Rc2 Ke4 63. Rh2 Kf3 64. Rh3+ Kf2 65.
Rh2+ Kg3 66. Re2 Kf3 67. Rb2 e2 68. Rb3+ Kf2 69. Rb2 Kf1 0-1

[Event "*** Titled Tuesday Blitz"]
[Site "Chess.com"]
[Date "2021.04.06"]
[Round "2"]
[White "Chesswizard_2007"]
[Black "AldokhinIvan"]
[Result "0-1"]
[WhiteElo "2691"]
[BlackElo "2503"]
[TimeControl "180+1"]
[EndTime "10:19:47 PDT"]
[Termination "AldokhinIvan won by checkmate"]

1. e4 c5 2. Nf3 e6 3. Nc3 a6 4. g3 b5 5. Bg2 Bb7 6. O-O b4 7. Ne2 Bxe4 8. d4 Nf6 9. Re1 Be7 10. Nf4 d5 11. dxc5 Bxc5 12. h3 O-O 13. Qe2 Nc6 14. b3 e5 15. Nd3 Bxf3 16. Bxf3 Nd4 17.
Qd1 Nxf3+ 18. Qxf3 e4 19. Qd1 exd3 20. Qxd3 Ne4 21.
Be3 Rc8 22. Rad1 Qf6 23. Rc1 Bxe3 24. Qxe3 Rc3 25. Qa7 Nxg3 26. Rcd1 Nf5 27. Rd3 Rxd3 28. cxd3 Nd4 29. Re3 h6 30. Qc5 Nf5 31. Rf3 Qg5+ 32. Kh1 Re8 33. Qxb4 Rc8 34. Qg4 Rc1+ 35. Kh2 Qxg4 36.
hxg4 Nd4 37. Rf4 Nc6 38. Ra4 a5 39. a3 Rc3 40. b4 axb4 41. axb4 Rb3 42. Ra8+ Kh7 43.
Rf8 f6 44. Kg3 Rxd3+ 45. Kf4 Nd4 46. g5 hxg5+ 47. Kg4 Kg6 48. f3 Rxf3 49. b5 f5+ 50.
Rxf5 Rxf5 51. b6 Rf6 52. b7 Rb6 53. b8=Q Rxb8 54. Kg3 Rb3+ 55. Kg4 Rb4 56. Kg3 Nf5+ 57. Kf3 Rb3+ 58. Ke2 g4 59. Kd2 Nd4 60. Ke1 Kf5 61.
Kf2 Kf4 62. Ke1 Rb2 63. Kd1 Ke3 64. Kc1 Rc2+ 65. Kd1 g3 66. Ke1 Rc1# 0-1

[Event "*** Titled Tuesday Blitz"]
[Site "Chess.com"]
[Date "2021.04.06"]
[Round "2"]
[White "UKR_Master"]
[Black "AniJak"]
[Result "1-0"]
[WhiteElo "2531"]
[BlackElo "2288"]
[TimeControl "180+1"]
[EndTime "10:19:47 PDT"]
[Termination "UKR_Master won by checkmate"]

1. e4 c5 2. Nf3 e6 3. c3 Nc6 4. d4 cxd4 5. cxd4 d5 6. e5 Bb4+ 7.
Bd2 Nge7 8. a3 Bxd2+ 9. Qxd2 O-O 10. Nc3 b6 11. Bd3 Na5 12. Qe2 Bd7 13. O-O Rc8 14.
Rac1 g6 15. Qd2 Nb3 16. Qh6 f6 17. exf6 Rxf6 18. Rce1 Nf5 19. Bxf5 Rxf5 20. Re3 Rxf3 21. Rxf3 Nxd4 22. Rh3 Qe7 23. Qe3 e5 24. Rd1 Bxh3 25. Rxd4 Re8 26. Rxd5 Bf5 27. f3 e4 28. fxe4 Bxe4 29.
Rd4 Bc6 30. Qxe7 Rxe7 31. Kf2 Kg7 32. Rd6 Bb7 33. Nb5 Rf7+ 34. Kg1 Be4 35. Nc3 Bb7 36.
Rd2 h5 37. Rf2 Rxf2 38. Kxf2 Bc6 39. g3 Kf6 40. Ke3 Ke5 41. Ne2 g5 42. Nd4 Bd7 43. Nf3+ Kf5 44. Kd4 Kg4 45. Ne5+ Kh3 46. Nxd7 Kxh2 47.
Nf6 h4 48. gxh4 gxh4 49. Ke3 Kg3 50. Ne4+ Kg2 51. Ng5 Kg3 52. b4 Kg4 53. Nf3 h3 54. Kf2 Kf4 55. Nd4 Ke4 56. Nc6 a6 57. Nb8 a5 58. b5 Kd4 59. Nd7 Kc4 60. a4 Kb4 61. Nxb6 Kc5 62. Kg3 Kxb6 63. Kxh3 Kc5 64. Kg4 Kb4 65.
Kf5 Kxa4 66. b6 Kb3 67. b7 a4 68. b8=Q+ Ka2 69. Ke4 a3 70. Kd3 Ka1 71. Kc2 a2 72. Qh8# 1-0

[Event "*** Titled Tuesday Blitz"]
[Site "Chess.com"]
[Date "2021.04.06"]
[Round "2"]
[White "yobdc"]
[Black "1977Ivan"]
[Result "1/2-1/2"]
[WhiteElo "2523"]
[BlackElo "2748"]
[TimeControl "180+1"]
[EndTime "10:19:49 PDT"]
[Termination "Game drawn by agreement"]

1. e4 c5 2. Nf3 e6 3. g3 Nc6 4.
Bg2 h5 5. d3 Be7 6. h4 Nf6 7.
Nbd2 d5 8. c3 dxe4 9. dxe4 b6 10. O-O Ba6 11. Re1 Ng4 12. Qa4 Qc8 13. e5 O-O 14. Ne4 Ncxe5 15. Nxe5 Nxe5 16. Bg5 f6 17. Be3 Bb7 18. Qd1 Ng4 19. Qe2 Bd5 20. c4 Bc6 21.
Bd2 Rd8 22. Bc3 e5 23. f3 Nh6 24. Kh2 Qe6 25. Bh3 Qf7 26. Rad1 Rxd1 27. Rxd1 Rd8 28.
Rxd8+ Bxd8 29. Qd3 Qe7 30. Nd6 Bc7 31. Nf5 Nxf5 32.
Bxf5 Qd6 33. Qxd6 Bxd6 34. Be4 Be8 35. Kg2 Bf7 36. b3 g6 37. Kf2 Kf8 38. Ke3 Ke7 39. f4 exf4+ 40. gxf4 f5 41. Bf3 Be8 42. Bd5 Bf7 43.
Bf3 Be6 44. Bg2 Kd7 45. Bf3 Be7 46. Be1 Bf6 47. Kd3 Bd4 48. Bg3 Kd6 49. Be1 a6 50. a4 Bd7 51. Bb7 a5 52. Bf3 Bc6 53.
Bxc6 Kxc6 54. Bg3 Kd6 55. Ke2 Ke6 56. Kd3 Kf6 57. Ke2 Ke6 58. Kf3 Bf6 59. Be1 Be7 60. Bg3 Bd8 61. Bf2 Kd7 62. Bg3 Kc6 63. Be1 Bf6 64. Bf2 Bd4 65. Be1 Bf6 66. Ke2 Bd4 67.
Kf3 Kd6 68. Ke2 Ke6 69. Kf3 Kf6 70. Bg3 Ke6 71. Be1 Kf6 72. Bg3 Ke6 1/2-1/2

[Event "*** Titled Tuesday Blitz"]
[Site "Chess.com"]
[Date "2021.04.06"]
[Round "2"]
[White "Leonid_Starozhilov"]
[Black "Eliwood44"]
[Result "1/2-1/2"]
[WhiteElo "2724"]
[BlackElo "2512"]
[TimeControl "180+1"]
[EndTime "10:19:52 PDT"]
[Termination "Game drawn by repetition"]

1. c4 e6 2. d4 d5 3. Nf3 Nf6 4. Nc3 Be7 5. Bg5 Nbd7 6. e3 h6 7. Bh4 O-O 8. cxd5 Nxd5 9. Bxe7 Qxe7 10. Nxd5 exd5 11. Bd3 c6 12. Rc1 Nf6 13. Ne5 Qb4+ 14. Qd2 Qxd2+ 15. Kxd2 Ng4 16. Nxg4 Bxg4 17. b4 a6 18. a4 Bd7 19. a5 Rfe8 20. f3 f5 21.
Rhe1 Kf7 22. e4 dxe4 23. fxe4 fxe4 24. Rxe4 Rxe4 25. Bxe4 Be6 26. Rf1+ Ke7 27. Ke3 Kd6 28. Rf4 Re8 29. Kd3 Re7 30. h4 Rf7 31. Rxf7 Bxf7 32.
g3 g5 33. Ke3 Bb3 34. Bg2 Be6 35. hxg5 hxg5 36. Bf3 Bf5 37. Bd1 Be6 38. Bc2 Bg4 39.
Bb3 Bf5 40. Bf7 Bc2 41. Kd2 Be4 42. Kc3 Bf5 43. Bh5 Be6 44. Kd3 Bf5+ 45. Ke3 Kd5 46. Bf7+ Kd6 47. Bc4 Bg4 48. Ke4 Bd7 49. d5 c5 50.
bxc5+ Kxc5 51. Bd3 Kd6 52. Kd4 Bg4 53. Be4 Bd7 54. Bg2 Bg4 55. Be4 Bd7 56. Bd3 Bg4 57.
Bc4 Bc8 58. Bb3 Bd7 59. Bd1 Bc8 60. Bh5 Bd7 61. Bf7 Bc8 62. Bg6 Bd7 63. Be4 Bc8 64. Bf3 Bd7 65. Be4 Bc8 66. Bf3 Bd7 67.
Be4 1/2-1/2